 Dungeon Crawl Stone Soup version 0.25.1-8-g42b30a86e7 (webtiles) character file.

Game seed: 7260734907474423

116 KamiKatze the Slasher (level 5, -8/54 HPs)
             Began as a Halfling Berserker on Dec 4, 2020.
             Was a Believer of Trog.
             Mangled by a gnoll
             ... wielding a +0 flail
              (13 damage)
             ... on level 3 of the Dungeon.
             The game lasted 00:05:41 (1971 turns).

KamiKatze the Slasher (Halfling Berserker)          Turns: 1971, Time: 00:05:42

Health: -8/54      AC:  4    Str: 19    XL:     5   Next: 21%
Magic:  5/5        EV: 14    Int:  5    God:    Trog [**....]
Gold:   48         SH:  0    Dex: 14    Spells: 4/4 levels left

rFire    + + .     SeeInvis .   a - +0 falchion
rCold    . . .     Gourm    .   (shield restricted)
rNeg     . . .     Faith    .   o - -1 ring mail (curse)
rPois    .         Spirit   .   (no helmet)
rElec    .         Reflect  .   (no cloak)
rCorr    .         Harm     .   (no gloves)
MR       .....                  (no boots)
Stlth    ..........             (no amulet)
HPRegen  0.18/turn              k - ring of protection from fire
MPRegen  0.09/turn              q - ring of protection from fire

@: berserking, very quick
A: small, mutation resistance 1
a: Berserk, Trog's Hand, Renounce Religion


You were on level 3 of the Dungeon.
You worshipped Trog.
Trog was pleased with you.
You were not hungry.

You visited 1 branch of the dungeon, and saw 3 of its levels.

You collected 48 gold pieces.

Inventory:

Hand Weapons
 a - a +0 falchion (weapon)
 f - a +0 hand axe
 r - a +0 flail
 s - a +0 rapier of draining
Missiles
 g - 77 stones (quivered)
Armour
 b - a +0 plate armour
 o - a cursed -1 ring mail (worn)
Jewellery
 k - a ring of protection from fire (left hand)
 q - a ring of protection from fire (right hand)
Scrolls
 d - 6 scrolls of identify {unknown}
 e - 2 scrolls of blinking {unknown}
 h - a scroll of remove curse {unknown}
 l - a scroll of noise {unknown}
 m - 3 scrolls of teleportation {unknown}
 n - a scroll of enchant armour {unknown}
Potions
 i - a potion of stabbing {unknown}
 j - a potion of curing {unknown}
 t - a potion of might {unknown}
Comestibles
 c - 5 rations
 p - 2 chunks of flesh


   Skills:
 + Level 3.2 Fighting
 * Level 4.1 Long Blades
 + Level 3.1 Armour
 + Level 3.0 Dodging


You had 4 spell levels left.
You didn't know any spells.
Your spell library was empty.

Dungeon Overview and Level Annotations

Branches:
Dungeon (3/15)

Altars:


Innate Abilities, Weirdness & Mutations

You are small and have problems with some larger weapons.
You are somewhat resistant to further mutation.


Message History

The gnoll is severely wounded.
The gnoll barely misses you.
You closely miss the gnoll.
The gnoll is severely wounded.
The gnoll hits you with a +0 flail.
* * * LOW HITPOINT WARNING * * *
You closely miss the gnoll.
The gnoll is severely wounded.
The gnoll hits you with a +0 flail.
* * * LOW HITPOINT WARNING * * *
A red film seems to cover your vision as you go berserk!
You feel yourself moving faster!
You feel mighty!
You feel a lot more hungry. The gnoll hits you with a +0 flail!
* * * LOW HITPOINT WARNING * * *
You barely miss the gnoll.
The gnoll is severely wounded.
You closely miss the gnoll.
The gnoll is severely wounded.
The gnoll hits you with a +0 flail!
You die...

... #.# #....≈..≈# ..
#. #.# #..≈≈≈...# ..
#.# #.# #.≈.≈≈...# #
#.####.#####.≈.≈≈.≈.#
#.
#.##...........≈≈≈≈.#
#.
#.##.#.######..≈≈≈.≈#
#.##.##.#.# #..≈≈≈≈.#
..###.......#)#
#..≈≈...#
..........g@..#
##.≈≈..##
#####...##### #≈≈≈.##
#...# #≈≈≈..# #.....#
##≈≈#^# .....#.#
≈##.# ##.......# ≈# #
.8..g8..# ##
.......).#
.8...<...8.


You could see a gnoll.

Vanquished Creatures
  A worker ant (D:3)
  2 gnolls (D:3)
  2 adders
  An ooze (D:3)
  A worm (D:2)
  5 leopard geckos
  A ball python (D:2)
  3 giant cockroaches
  5 goblins (D:2)
  5 hobgoblins
  6 kobolds
  A quokka (D:3)
  4 bats
  A frilled lizard (D:1)
  5 rats
43 creatures vanquished.

Notes
Turn   | Place    | Note
-------+----------+-------------------------------------------
     0 | D:1      | KamiKatze the Halfling Berserker began the quest for the
                  | Orb.
     0 | D:1      | Reached XP level 1. HP: 15/15 MP: 1/1
   172 | D:1      | Reached XP level 2. HP: 20/20 MP: 2/2
   781 | D:2      | Reached XP level 3. HP: 25/25 MP: 3/3
  1624 | D:3      | Reached ** piety under Trog
  1627 | D:3      | Reached XP level 4. HP: 22/31 MP: 4/4
  1786 | D:3      | Reached skill level 4 in Long Blades
  1928 | D:3      | Reached XP level 5. HP: 30/36 MP: 5/5
  1971 | D:3      | Mangled by a gnoll

Illustrated notes

Levels and vault maps discovered:
D:1:      dpeg_arrival_windows_large_door, layout_loops_ring
D:2:      layout_basic, minivault_26
D:3:      layout_loops_ring, marbit_many_paths, serial_rivers,
          chequers_serial_rivers_room_a, chequers_serial_rivers_large_b,
          chequers_serial_rivers_small_b, chequers_serial_rivers_small_3,
          chequers_serial_rivers_small_b, grunt_ministairs_2,
          serial_bayou_pond_e, st_stairs_5, moated_statue

Skill      XL: |  1  2  3  4 |
---------------+-------------+-----
Fighting       | 3 |  3.2
Long Blades    | 4 |  4.1
Armour         | 3 |  3.1
Dodging        | 3 |  3.0

Action                   |  1- 3 |  4- 6 || total
-------------------------+-------+-------++-------
Melee: Falchion          |   105 |    52 ||   157
Throw: Stone             |       |     8 ||     8
Invok: Berserk           |       |     1 ||     1
  Eat: Chunk             |     2 |     2 ||     4
Armor: Animal skin       |    14 |       ||    14
       Ring mail         |    11 |     3 ||    14
Dodge: Dodged            |    93 |    31 ||   124
       Rpst.: Falchion   |    26 |     5 ||    31
